 Dungeon Crawl Stone Soup version 0.30.1-6-gbe392663c4 (webtiles) character file.

Game seed: 1151408125228006595

114 NullDivider the Stinger (level 4, 0/27 HPs)
             Began as an Octopode Venom Mage on Sept 20, 2023.
             Slain by a gnoll
             ... wielding a +0 halberd
              (15 damage)
             ... on level 3 of the Dungeon.
             The game lasted 00:14:24 (2775 turns).

NullDivider the Stinger (Octopode Venom Mage)       Turns: 2775, Time: 00:14:24

Health: 0/27       AC:  1    Str:  7    XL:     4   Next: 97%
Magic:  1/8        EV: 13    Int: 17    God:
Gold:   173        SH:  0    Dex: 14    Spells: 2/8 levels left

rFire   . . .        (no weapon)
rCold   . . .        (no shield)
rNeg    . . .        (helmet restricted)
rPois   .            (no amulet)
rElec   .            (no ring)
rCorr   .            (no ring)
SInv    .            (no ring)
Will    .....        (no ring)
Stlth   ++++         (no ring)
HPRegen 0.24/turn    (no ring)
MPRegen 0.11/turn    (no ring)
                     (no ring)

%: no passive effects
@: very slightly contaminated
A: almost no armour, amphibious, 8 rings, camouflage 1, gelatinous body 1,
(nimble swimmer 1), tentacles
a: no special abilities


You were on level 3 of the Dungeon.
You visited 1 branch of the dungeon, and saw 3 of its levels.

You collected 173 gold pieces.

Inventory:

Scrolls
 c - 2 scrolls of noise {unknown}
 d - a scroll of vulnerability {unknown}
 e - a scroll of enchant armour {unknown}
 k - a scroll of silence {unknown}
 l - a scroll of teleportation {unknown}
 n - 2 scrolls of identify {unknown}
 o - a scroll of amnesia {unknown}
Potions
 a - a potion of magic
 b - a potion of flight {unknown}
 f - a potion of curing {unknown}
 g - a potion of ambrosia {unknown}
 h - 4 potions of lignification {unknown}
 i - 2 potions of attraction {unknown}
 j - a potion of brilliance {unknown}
 m - a potion of haste {unknown}


   Skills:
 + Level 2.8 Dodging
 + Level 3.9 Stealth
 + Level 2.7 Spellcasting
 - Level 1.0 Transmutations
 + Level 1.4 Air Magic
 + Level 4.4 Poison Magic


You had 2 spell levels left.
You knew the following spells:

 Your Spells              Type           Power      Damage    Failure   Level
a - Sting                 Tmut/Pois      44%        1d5       6%          1
b - Poisonous Vapours     Pois/Air       24%        N/A       9%          2
c - Mephitic Cloud        Conj/Pois/Air  9%         N/A       24%         3

Your spell library contained the following spells:

 Spells                   Type           Power      Damage    Failure   Level
 Sandblast                Erth           4%         2d4       19%         1
 Passwall                 Tmut/Erth      3%         N/A       22%         2
 Blink                    Tloc           4%         N/A       26%         2
 Lesser Beckoning         Tloc           4%         N/A       26%         2
 Momentum Strike          Conj/Tloc      4%         3d8       26%         2
 Olgreb's Toxic Radiance  Pois           17%        N/A       28%         4
 Hailstorm                Conj/Ice       2%         3d3       47%         3
 Stone Arrow              Conj/Erth      4%         3d7       47%         3
 Ice Form                 Ice/Tmut       4%         N/A       82%         4
 Manifold Assault         Tloc           2%         N/A       87%         4
 Simulacrum               Ice/Necr       1%         N/A       100%        6
 Storm Form               Tmut/Air       3%         N/A       100%        7


Dungeon Overview and Level Annotations

Branches:
Dungeon (3/15)

Altars:


Innate Abilities, Weirdness & Mutations

You cannot wear most types of armour.
You are amphibious.
You can wear up to eight rings at the same time.
Your skin changes colour to match your surroundings (Stealth+).
Your rubbery body absorbs attacks. (AC +1, EV +1)
((You are camouflaged when in or above water. (Stealth+)))
You have tentacles for arms and can constrict up to eight enemies at once.


Message History

You closely miss the gnoll. You grab the gnoll. You squeeze the gnoll.
The gnoll is almost dead.
You constrict the gnoll, but do no damage.
The gnoll barely misses you.
You tentacle-slap the gnoll but do no damage.
You squeeze the gnoll.
You kill the gnoll!
A gnoll comes into view. It is wielding a +0 halberd.
You see here a +0 whip.
You start resting.
A gnoll is nearby!
Casting: Poisonous Vapours (safe; 9% risk of failure)
Confirm with . or Enter, or press ? or * to list all spells.
Aiming: Poisonous Vapours (safe; 9% risk of failure)
Press: ? - help, Dir - move target, f - gnoll
Aim: a gnoll, wielding a +0 halberd (wandering, hasn't noticed you)
You miscast Poisonous Vapours.
You are very lightly contaminated with residual magic.
Nothing appears to happen.
The gnoll shouts!
Casting: Poisonous Vapours (safe; 9% risk of failure)
Confirm with . or Enter, or press ? or * to list all spells.
Aiming: Poisonous Vapours (safe; 9% risk of failure)
Press: ? - help, Dir - move target, f/p - gnoll
Aim: a gnoll, wielding a +0 halberd Poisonous vapours surround the gnoll!
The gnoll is poisoned.
The gnoll hits you with a +0 halberd!
You barely miss the gnoll. Your grab misses the gnoll.
The gnoll is lightly wounded.
The gnoll barely misses you.
You tentacle-slap the gnoll but do no damage.
Your grab misses the gnoll. Your squeeze misses the gnoll.
The gnoll is lightly wounded.
The gnoll closely misses you.
You barely miss the gnoll. You grab the gnoll.
You tentacle-slap the gnoll, but do no damage.
The gnoll is moderately wounded.
You constrict the gnoll. The gnoll hits you with a +0 halberd!
Ouch! That really hurt!
You die...

.# #.# #......#...### #... .# #)#
#####........# #.#. .# #.#
##.#####.# #.##
.#####.###########..# # # #.#
.................##.# #.## ##.##
#####.##########.##.###...###...#
#.....# #.##)#...#.....#..
###.###.#### #.#....#...###...#
.[..# #....# #@................
###.###.##.## #g.....##.##....##
# #.....#...####......##.##.####
# ###.....#.......#...##.##.# #
#####...#####.....##.##.# # ##.##
##.#####.##.# # #.# .# #.##.# #
#.# .# #.##.# ##########.# #.##.#


You could see a gnoll (poisoned).

Vanquished Creatures
  2 gnolls (D:3)
  2 adders (D:3)
  2 worms (D:2)
  3 dart slugs
  5 ball pythons
  6 bats
  7 endoplasms
  2 giant cockroaches
  2 goblins (D:2)
  6 hobgoblins
  4 jackals (D:1)
  2 quokkas
  5 frilled lizards
  6 kobolds
  7 rats
61 creatures vanquished.

Notes
Turn   | Place    | Note
-------+----------+-------------------------------------------
     0 | D:1      | NullDivider the Octopode Venom Mage began the quest for the
                  | Orb.
     0 | D:1      | Reached XP level 1. HP: 11/11 MP: 3/3
    92 | D:1      | Reached XP level 2. HP: 11/17 MP: 0/5
   143 | D:1      | Learned a level 2 spell: Poisonous Vapours
   514 | D:1      | Reached XP level 3. HP: 21/21 MP: 4/6
   557 | D:1      | Reached skill level 4 in Poison Magic
   736 | D:1      | Learned a level 3 spell: Mephitic Cloud
  1501 | D:1      | Reached skill level 1 in Air Magic
  1800 | D:2      | Reached XP level 4. HP: 26/27 MP: 4/7
  2613 | D:3      | Identified the +2 leather armour of the Eternal Fruit
                  | {rPois rF+ Int+3}
  2775 | D:3      | Slain by a gnoll

Illustrated notes

Levels and vault maps discovered:
D:1:      dpeg_arrival_arbitrary_b, layout_basic, dreamdust_wishing_well
D:2:      layout_basic
D:3:      layout_loops_ring, mainiacjoe_overflow_alcove_4,
          minmay_gold_behind_fungi

Skill      XL: |  1  2  3 |
---------------+----------+-----
Stealth        | 3 |  3.9
Poison Magic   | 4 |  4.4
Air Magic      | 1 |  1.4
Dodging        | |  2.8
Spellcasting   | |  2.7
Transmutations | |  1.0

Action                     |  1- 3 |  4- 6 || total
---------------------------+-------+-------++-------
  Melee: Unarmed           |    65 |    29 ||    94
         Tentacles         |    25 |     7 ||    32
         Constrict         |    21 |    10 ||    31
         Punch             |       |     1 ||     1
   Cast: Sting             |    51 |    19 ||    70
         Poisonous Vapours |     3 |     9 ||    12
   Stab: Sleeping          |     5 |       ||     5
 Armour: Skin              |     5 |     1 ||     6
  Dodge: Dodged            |    46 |    21 ||    67
